 Dungeon Crawl Stone Soup version 0.23-a0-290-g290e36d (webtiles) character file.

3 Amnesiac the Digger (level 1, -2/7 HPs)
             Began as a Felid Earth Elementalist on Oct 3, 2018.
             Slain by a leopard gecko (5 damage)
             ... on level 1 of the Dungeon.
             The game lasted 00:00:11 (31 turns).

Amnesiac the Digger (Felid Earth Elementalist)        Turns: 31, Time: 00:00:11

Health: -2/7       AC:  1    Str:  4    XL:     1   Next: 41%
Magic:  2/4        EV: 18    Int: 16    God:
Gold:   0          SH:  0    Dex: 16    Spells: 3/4 levels left
                                        Lives:  0   Deaths: 0

rFire    . . .     SeeInvis +   (weapon unavailable)
rCold    . . .     Gourm    .   (shield unavailable)
rNeg     . . .     Faith    .   (armour unavailable)
rPois    .         Spirit   .   (helmet unavailable)
rElec    .         Reflect  .   (cloak unavailable)
rCorr    .         Harm     .   (gloves unavailable)
MR       .....                  (boots unavailable)
Stlth    +++.......             (no amulet)
HPRegen  0.02/turn              (no ring)
MPRegen  0.09/turn              (no ring)

@: very slightly contaminated, quick
A: very small, no armour, no weapons or thrown items, stealth, claws 1, fangs 3,
see invisible, carnivore, speed 1, shaggy fur 1, slow metabolism 1, sharp paws
a: no special abilities


You were on level 1 of the Dungeon.
You were not hungry.

You visited 1 branch of the dungeon, and saw 1 of its levels.

Inventory:

Missiles
 b - 29 stones
Comestibles
 c - a ration


   Skills:
 - Level 2.6 Dodging
 - Level 2.6 Stealth
 - Level 2.0 Spellcasting
   Level 1.1 Transmutations
 + Level 2.9 Earth Magic


You had 3 spell levels left.
You knew the following spells:

 Your Spells              Type           Power        Failure   Level  Hunger
a - Sandblast             Erth           ##....       6%          1    #......

Your spell library contained the following spells:

 Spells                   Type           Power        Failure   Level  Hunger
 Passwall                 Tmut/Erth      #.......     14%         2    ###....
 Stone Arrow              Conj/Erth      #.....       34%         3    ###....
 Petrify                  Tmut/Erth      #.......     65%         4    #####..
 Lee's Rapid Deconstruct  Erth           ##........   86%         5    ######.


Dungeon Overview and Level Annotations

Branches:
Dungeon (1/15)

Altars:


Innate Abilities, Weirdness & Mutations

You cannot wear armour.
You are incapable of wielding weapons or throwing items.
Your paws allow you to move quietly. (Stealth)
You have sharp claws.
You have razor-sharp teeth.
You have supernaturally acute eyesight. (SInv)
You are carnivorous and can eat meat at any time.
You cover ground quickly.
You are covered in fur. (AC +1)
You have a slow metabolism.
Your sharp claws are effective at attacking unaware monsters.


Message History

Found a staircase leading out of the dungeon.
Found a robe.
You see here a robe.
A rat comes into view.
You scratch the rat.
You kill the rat!
No target in view!
No target in view!
A dart slug comes into view.
You see here a rat corpse.
A dart slug is nearby!
A dart slug is nearby!
The helpless dart slug fails to defend itself.
You scratch the dart slug.
The dart slug is heavily wounded.
The dart slug misses you.
You scratch the dart slug but do no damage.
The dart slug is heavily wounded.
The dart slug completely misses you.
You scratch the dart slug.
The dart slug is severely wounded.
You scratch the dart slug but do no damage.
The dart slug is severely wounded.
The dart slug bites you.
You scratch the dart slug.
You kill the dart slug!
You butcher the rat corpse.
a - a chunk of flesh You see here a rat skeleton. x2
Eating a chunk of flesh.
You eat the chunk of flesh.
This raw flesh tastes great.
A leopard gecko comes into view.
A leopard gecko is nearby!
A leopard gecko is nearby!
Found 2 dark potions.
The helpless leopard gecko fails to defend itself.
You scratch the leopard gecko.
The leopard gecko is heavily wounded.
The leopard gecko closely misses you.
You miss the leopard gecko.
The leopard gecko is heavily wounded.
The leopard gecko completely misses you.
You miss the leopard gecko.
The leopard gecko is heavily wounded.
The leopard gecko bites you.
* * * LOW HITPOINT WARNING * * *
Casting: Sandblast (safe; 6% risk of failure)
Confirm with . or Enter, or press ? or * to list all spells.
Aiming: Sandblast (safe; 6% risk of failure)
Press: ? - help, Shift-Dir - straight line, f - leopard gecko
Aim: a leopard gecko (heavily wounded, clinging)
The blast of sand misses the leopard gecko.
b - 29 stones The leopard gecko bites you but does no damage.
Casting: Sandblast (safe; 6% risk of failure)
Confirm with . or Enter, or press ? or * to list all spells.
Aiming: Sandblast (safe; 6% risk of failure)
Press: ? - help, Shift-Dir - straight line, f/p - leopard gecko
Aim: a leopard gecko (heavily wounded, clinging)
You miscast Sandblast.
You are very lightly contaminated with residual magic.
Motes of dust swirl before your eyes. The leopard gecko bites you.
Ouch! That really hurt!
You die...

######### #####
#<#.##. .# #$...#
#..###.##.##...#.#
###..#..#.#..#..#
#..####รท##..##.#
#[##...#.#..#..#
##.#.###..#...#
##.###.#.#.@#...#
###..##.##.l....#
.$.# ##.#...#!...
.### #...#.. #.
.#...#. ##....# #
.... ...#


You could see a leopard gecko.

Vanquished Creatures
  A dart slug (D:1)
  A rat (D:1)
2 creatures vanquished.

Notes
Turn   | Place    | Note
-------+----------+-------------------------------------------
     0 | D:1      | Amnesiac the Felid Earth Elementalist began the quest for
                  | the Orb.
     0 | D:1      | Reached XP level 1. HP: 7/7 MP: 4/4
    31 | D:1      | Slain by a leopard gecko

Vault maps used:
D:1:      erik_arrival_cave_to_civilisation

Action                   || total
-------------------------++-------
Melee: Unarmed           ||     9
 Cast: Sandblast         ||     1
 Stab: Sleeping          ||     2
  Eat: Chunk             ||     1
Armor: Skin              ||     1
Dodge: Dodged            ||     4

Table legend:
 A = Non-vault XP
 B = Vault XP
 C = Vault XP percentage of total XP
 D = Non-vault monster count
 E = Vault monster count
 F = Vault count percentage of total count
                 A         B        C        D         E       F
            +---------+---------+-------+---------+---------+-------
      Total |       5 |       0 |   0.0 |       2 |       0 |   0.0
            +---------+---------+-------+---------+---------+-------
        D:1 |       5 |       0 |   0.0 |       2 |       0 |   0.0
            +---------+---------+-------+---------+---------+-------
